 Dungeon Crawl Stone Soup version 0.20.1-1-g8b1a95d (webtiles) character file.

72467 ThaPlane the Fencer (level 15, -12/113 HPs)
             Began as a Minotaur Berserker on Sept 29, 2017.
             Was a High Priest of Trog.
             Mangled by an iron troll simulacrum (42 damage)
             ... in an ice cave on Sept 30, 2017.
             The game lasted 02:50:12 (22721 turns).

ThaPlane the Fencer (Minotaur Berserker)           Turns: 22721, Time: 02:50:12

Health: -12/113    AC: 34    Str: 24    XL:     15   Next: 1%
Magic:  21/21      EV:  7    Int:  8    God:    Trog [*****.]
Gold:   1451       SH: 16    Dex: 10    Spells: 14/14 levels left

rFire    + . .     SeeInvis .   c - +1 scimitar (flame)
rCold    . . .     Gourm    .   d - +2 shield {AC+3}
rNeg     + . .     Faith    .   o - +1 crystal plate armour
rPois    .         Spirit   .   (helmet restricted)
rElec    .         Reflect  +   B - +0 cloak
rCorr    +         Harm     .   l - +1 pair of gloves
MR       +....     Rnd*Rage +   J - +0 pair of boots
Stlth    ..........             M - amulet of Igig {Reflect rN+ SH+2}
Regen    0.3/turn               q - ring of resist corrosion
MPRegen  0.2/turn               I - +5 ring of protection

@: no status effects
A: retaliatory headbutt, horns 2, berserk 1, fire resistance 1, frail 1, sense
surroundings 1, wild magic 2
a: Berserk, Trog's Hand, Brothers in Arms, Burn Spellbooks, Renounce Religion


You were in an ice cave.
You worshipped Trog.
Trog was extremely pleased with you.
You were very hungry.

You visited 6 branches of the dungeon, and saw 24 of its levels.
You also visited: Ice Cave.

You collected 1451 gold pieces.

Inventory:

Hand Weapons
 a - a +3 antimagic scimitar
 b - a +1 rapier of holy wrath
 c - a +1 scimitar of flaming (weapon)
 E - a +7 antimagic great sword
Missiles
 L - 2 tomahawks of returning (quivered)
 O - 2 poisoned tomahawks
 R - 2 javelins of penetration
 S - 8 poisoned javelins
 T - 7 silver javelins
Armour
 d - a +2 shield of protection (worn)
 l - a +1 pair of gloves (worn)
 o - a +1 crystal plate armour (worn)
 B - a +0 cloak (worn)
 J - a +0 pair of boots (worn)
Jewellery
 q - a ring of resist corrosion (left hand)
 u - an uncursed ring of protection from fire
 I - a +5 ring of protection (right hand)
 M - the amulet of Igig (around neck) {Reflect rN+ SH+2}
   (You found it on level 8 of the Dungeon)

   [amulet of reflection]

   It shields you and reflects attacks.
   It protects you from negative energy.
   It affects your SH (+2).
Wands
 p - a wand of polymorph (3/24)
 Q - a wand of paralysis (20/24)
Scrolls
 e - 3 scrolls of fog
 f - 13 scrolls of remove curse
 g - a scroll of blinking
 i - a scroll of magic mapping
 t - 8 scrolls of enchant weapon
 x - 2 scrolls of enchant armour
 y - 3 scrolls of fear
 A - 7 scrolls of teleportation
Potions
 k - 2 potions of ambrosia
 r - 6 potions of curing
 s - 8 potions of haste
 v - 4 potions of heal wounds
 w - 5 potions of resistance
 z - a potion of degeneration {unknown}
 C - 3 potions of flight
 F - a potion of invisibility {unknown}
 G - 3 potions of berserk rage
 H - 2 potions of agility
 K - 3 potions of magic {unknown}
Miscellaneous
 P - a phial of floods
Comestibles
 h - 23 royal jellies
 j - 6 meat rations
 n - 9 fruits
 D - 9 bread rations


   Skills:
 - Level 10.0 Fighting
 + Level 18.0 Long Blades
 - Level 10.0 Throwing
 - Level 10.0 Armour
 - Level 10.0 Dodging
 - Level 10.0 Shields
 - Level 10.0 Evocations


You had 14 spell levels left.
You didn't know any spells.

Dungeon Overview and Level Annotations

Branches:
Dungeon (15/15)            Temple (1/1) D:5            Lair (5/6) D:10
  Swamp (1/4) Lair:2        Snake (1/4) Lair:3        Slime (0/5) Lair:5
    Orc (1/2) D:9          Vaults (0/5) D:14         Depths (0/5) D:15

Altars:
Ashenzari
Cheibriados
Dithmenos
Elyvilon
Fedhas
Gozag
Hepliaklqana
Kikubaaqudgha
Makhleb
Nemelex Xobeh
Okawaru
Qazlal
Ru
Sif Muna
Trog
Uskayaw
Vehumet
Xom
Yredelemnul
Zin
The Shining One

Shops:
D:6 (

Annotations:
Lair:2 vault, exclusion: 4 oklob plants


Innate Abilities, Weirdness & Mutations

You reflexively headbutt those who attack you in melee.
You have a pair of horns on your head.
You tend to lose your temper in combat.
Your flesh is heat resistant. (rF+)
You are frail. (-10% HP)
You passively map a small area around you.
Your spells are harder to cast, but more powerful.


Message History

An iron troll simulacrum comes into view.
A naga simulacrum comes into view.
The iron troll simulacrum bites you but does no damage.
The iron troll simulacrum claws you but does no damage. x2
You slash the iron troll simulacrum!
You melt the iron troll simulacrum.
You headbutt the iron troll simulacrum, but do no damage.
The iron troll simulacrum is moderately damaged.
You slash the iron troll simulacrum!
You melt the iron troll simulacrum.
You headbutt the iron troll simulacrum.
The iron troll simulacrum is severely damaged.
You hit the iron troll simulacrum.
You melt the iron troll simulacrum.
You headbutt the iron troll simulacrum!
The iron troll simulacrum is almost destroyed.
The iron troll simulacrum bites you.
The iron troll simulacrum freezes you!!!
* * * LOW HITPOINT WARNING * * *
The iron troll simulacrum claws you.
* * * LOW HITPOINT WARNING * * *
The iron troll simulacrum freezes you!!!
You die...

, , * * , ⌠
,#* * , ,, * *
, , * ,.## * *
* #..* ≈ * ,*
* * * #.# * *
# , *..## # *
###ZZ.# # ####
###.Z.#* ##
#..####..@#
.##
####§§#...###
..#
##§§#§.§.###
#####§§§#.####
.##§§§##§##
.§§#######
####


You could see a naga simulacrum, a centaur simulacrum and an iron troll
simulacrum.

Vanquished Creatures
  An orc warlord (Orc:1)
  A stone giant (Orc:1)
  Azrael (D:13)
  A yaktaur captain (D:15)
  5 hydras
  Erolcha (D:11)
  An ogre mage (D:14)
  A vault guard (D:14)
  3 centaur warriors
  3 two-headed ogres
  The ghost of Fandomethor the Severer, a novice MiBe of Trog (D:9)
  An alligator (Swamp:1)
  A tengu warrior (D:15)
  Nergalle (D:11)
  Sonja (D:15)
  4 skeletal warriors (D:12)
  2 wizards
  2 wolf spider zombies (D:15)
  2 deep elf magi
  3 oklob plants (Lair:4)
  3 orc knights
  4 cyclopes
  7 ugly things
  2 manticores
  A salamander (shapeshifter) (D:15)
  3 centaur zombies
  6 elephants
  An ice statue (IceCv)
  3 black mambas
  A gargoyle (D:10)
  2 rime drakes
  7 spiny frogs
  2 komodo dragons
  A yaktaur (D:15)
  2 kobold demonologists (D:15)
  An ice devil (IceCv)
  A queen bee (Lair:2)
  2 freezing wraiths (IceCv)
  A golden dragon simulacrum (IceCv)
  A tengu conjurer (D:15)
  4 hornets
  Prince Ribbit (D:7)
  5 trolls
  A raiju (shapeshifter) (D:15)
  6 hippogriffs
  4 dream sheep (Lair:5)
  6 slime creatures
  2 shadows
  3 wraiths
  3 hungry ghosts
  29 yaks
  Eustachio (D:6)
  6 basilisks
  3 fire elementals
  3 wyverns
  A human (D:14)
  11 vampire mosquitoes
  A swamp worm (Swamp:1)
  5 wargs
  A naga (Lair:3)
  A soldier ant (D:9)
  10 water moccasins
  14 porcupines
  17 orc warriors
  3 hell hounds
  An ice beast (D:6)
  3 sky beasts
  3 phantoms
  A black bear (D:9)
  6 wolves
  11 ogres
  2 necrophages
  10 centaurs
  10 crocodiles
  5 big kobolds
  19 bullfrogs
  A wyvern zombie (D:12)
  A wyvern skeleton (D:14)
  6 scorpions
  48 killer bees
  7 howler monkeys
  10 wights
  3 electric eels
  2 bullfrog zombies
  7 crimson imps
  5 hounds
  A quasit (D:10)
  5 jellies
  17 orc wizards
  13 orc priests
  Crazy Yiuf (D:7)
  4 centaur skeletons
  3 iguanas
  Ijyb (D:4)
  A polar bear simulacrum (IceCv)
  8 worker ants
  A centaur simulacrum (IceCv)
  A worker ant zombie (D:10)
  4 gnolls
  3 ogre simulacra (IceCv)
  15 adders
  A river rat (Lair:2)
  A shadow imp (D:8)
  A white imp (IceCv)
  2 ufetubi (IceCv)
  4 oozes
  3 adder skeletons
  An adder zombie (D:5)
  4 worms
  2 dart slugs (D:1)
  2 leopard geckos
  83 orcs
  8 bats
  7 giant cockroaches
  5 goblins
  8 hobgoblins
  16 jackals
  16 kobolds
  5 quokkas
  6 frilled lizards
  2 jackal skeletons
  3 quokka zombies
  9 rats
656 creatures vanquished.

Vanquished Creatures (collateral kills)
  3 vault guards (D:14)
  An orc sorcerer (D:14)
  2 elephants (Lair:3)
  A rime drake (Lair:2)
  A yaktaur (D:14)
  A hippogriff (Lair:3)
  A wyvern (Lair:2)
  3 nagas (Lair:3)
  2 orc warriors
  2 wolves (Lair:2)
  A scorpion (D:9)
  9 killer bees
  A hound (D:9)
  2 orc wizards
  12 orcs
42 creatures vanquished.

Vanquished Creatures (others)
  Nessos (D:14)
  3 dream sheep (Lair:5)
  A human (D:2)
  A centaur (D:11)
  2 white imps (IceCv)
  3 kobolds
  10 fungi
  7 plants
28 creatures vanquished.

Grand Total: 726 creatures vanquished

Notes
Turn   | Place    | Note
-------+----------+-------------------------------------------
     0 | D:1      | ThaPlane the Minotaur Berserker began the quest for the Orb.
     0 | D:1      | Reached XP level 1. HP: 19/19 MP: 0/0
    56 | D:1      | Reached skill level 4 in Long Blades
    98 | D:1      | Reached XP level 2. HP: 23/26 MP: 1/1
   302 | D:1      | Reached skill level 5 in Long Blades
   372 | D:1      | Reached XP level 3. HP: 30/31 MP: 2/2
   742 | D:2      | Reached ** piety under Trog
   986 | D:2      | Reached XP level 4. HP: 39/39 MP: 3/3
  1093 | D:2      | Reached skill level 6 in Long Blades
  1431 | D:2      | Found an ancient bone altar of Kikubaaqudgha.
  1434 | D:2      | Noticed a human
  1436 | D:2      | Killed a human
  1703 | D:3      | Reached skill level 7 in Long Blades
  1703 | D:3      | Reached XP level 5. HP: 45/45 MP: 4/4
  1947 | D:3      | Reached *** piety under Trog
  2089 | D:3      | Reached skill level 8 in Long Blades
  2431 | D:4      | Reached XP level 6. HP: 47/51 MP: 5/5
  2569 | D:5      | Entered Level 5 of the Dungeon
  2645 | D:4      | Reached skill level 9 in Long Blades
  2672 | D:4      | Reached **** piety under Trog
  2804 | D:4      | Noticed Ijyb
  2871 | D:4      | Killed Ijyb
  2987 | D:4      | Reached XP level 7. HP: 57/57 MP: 6/6
  3227 | D:4      | Gained mutation: Your body sometimes deteriorates upon taking damage. [potion of mutation]
  3227 | D:4      | Gained mutation: You are covered in fur. (AC +1) [potion of mutation]
  3228 | D:4      | Lost mutation: Your body sometimes deteriorates upon taking damage. [potion of mutation]
  3228 | D:4      | Lost mutation: You are covered in fur. (AC +1) [potion of mutation]
  3228 | D:4      | Gained mutation: Your spells are a little easier to cast, but a little less powerful. [potion of mutation]
  3228 | D:4      | Gained mutation: You have sharp toenails. [potion of mutation]
  3228 | D:4      | Gained mutation: You are frail. (-10% HP) [potion of mutation]
  3228 | D:4      | Gained mutation: You passively map a small area around you. [potion of mutation]
  3229 | D:4      | Lost mutation: You have sharp toenails. [potion of mutation]
  3229 | D:4      | Lost mutation: You are frail. (-10% HP) [potion of mutation]
  3229 | D:4      | Lost mutation: Your spells are a little easier to cast, but a little less powerful. [potion of mutation]
  3229 | D:4      | Gained mutation: Your spells are a little harder to cast, but a little more powerful. [potion of mutation]
  3229 | D:4      | Gained mutation: Your spells are harder to cast, but more powerful. [potion of mutation]
  3261 | D:5      | Reached skill level 10 in Long Blades
  3507 | D:5      | Reached skill level 11 in Long Blades
  3819 | D:5      | Reached XP level 8. HP: 64/64 MP: 7/7
  3825 | D:5      | Found a staircase to the Ecumenical Temple.
  3841 | Temple   | Entered the Ecumenical Temple
  4339 | D:7      | Reached skill level 12 in Long Blades
  4397 | D:6      | Noticed Eustachio
  4412 | D:6      | Killed Eustachio
  4683 | D:6      | Reached skill level 13 in Long Blades
  4799 | D:6      | Reached ***** piety under Trog
  4821 | D:6      | Found Suekij's Antique Weapon Shoppe.
  5172 | D:7      | Reached XP level 9. HP: 63/69 MP: 8/8
  5221 | D:7      | Noticed Prince Ribbit
  5288 | D:7      | Found a runed door.
  5292 | D:7      | Noticed Crazy Yiuf
  5300 | D:7      | Killed Crazy Yiuf
  5444 | D:7      | Reached skill level 14 in Long Blades
  5474 | D:7      | Killed Prince Ribbit
  5474 | D:7      | Reached skill level 1 in Shields
  5743 | D:7      | Reached skill level 5 in Fighting
  6343 | D:8      | Reached skill level 5 in Armour
  6396 | D:8      | Got a coiled ivory amulet
  6645 | D:8      | Reached skill level 5 in Shields
  6838 | D:8      | Reached XP level 10. HP: 83/83 MP: 9/9
  7243 | D:8      | Noticed a deep elf mage
  7257 | D:8      | Killed a deep elf mage
  7361 | D:8      | Identified the amulet of Igig {Reflect rN+ SH+2} (You found it on level 8 of the Dungeon)
  7607 | D:9      | Noticed Fandomethor's ghost (novice MiBe)
  7623 | D:9      | Killed Fandomethor's ghost
  7707 | D:9      | Noticed a two-headed ogre
  7726 | D:9      | Killed a two-headed ogre
  8015 | D:9      | Found a staircase to the Orcish Mines.
  8125 | D:10     | Entered Level 10 of the Dungeon
  8261 | D:9      | Reached XP level 11. HP: 92/96 MP: 10/10
  8706 | D:10     | Got a brightly glowing chain mail
  8708 | D:10     | Found a staircase to the Lair.
  9338 | D:10     | Reached skill level 10 in Fighting
  9541 | D:11     | Noticed a six-headed hydra
  9543 | D:11     | Noticed a green ugly thing
  9586 | Lair:1   | Entered Level 1 of the Lair of Beasts
  9616 | Lair:1   | Received a gift from Trog
  9620 | Lair:1   | Reached skill level 1 in Evocations
  9749 | Lair:1   | Reached skill level 10 in Armour
  9827 | Lair:1   | Reached skill level 10 in Shields
 10131 | Lair:1   | Reached skill level 1 in Throwing
 10527 | Lair:1   | Identified the cursed +0 chain mail of the Original Sin {MR++ Str-4} (You found it on level 10 of the Dungeon)
 10922 | Lair:2   | Received a gift from Trog
 10931 | Lair:2   | Reached XP level 12. HP: 106/106 MP: 14/14
 10955 | Lair:2   | Reached skill level 5 in Dodging
 11451 | Lair:2   | Reached skill level 5 in Evocations
 12038 | Lair:2   | Reached skill level 5 in Throwing
 12064 | Lair:2   | Received a gift from Trog
 12071 | Lair:2   | Found a staircase to the Swamp.
 12600 | Lair:2   | Noticed a five-headed hydra
 12613 | Lair:2   | Killed a five-headed hydra
 13177 | Lair:3   | Found a staircase to the Snake Pit.
 13389 | Lair:3   | Gained mutation: You tend to lose your temper in combat. [potion of mutation]
 13389 | Lair:3   | Gained mutation: You are frail. (-10% HP) [potion of mutation]
 13389 | Lair:3   | Gained mutation: Your flesh is heat resistant. (rF+) [potion of mutation]
 14044 | Lair:4   | Reached XP level 13. HP: 70/101 MP: 17/17
 14681 | Lair:5   | Found a staircase to the Slime Pits.
 16105 | D:9      | Received a gift from Trog
 16160 | Orc:1    | Entered Level 1 of the Orcish Mines
 16277 | Orc:1    | Noticed a stone giant
 16292 | Orc:1    | Killed a stone giant
 16409 | Orc:1    | Noticed an orc warlord
 16547 | Orc:1    | Received a gift from Trog
 16629 | Orc:1    | Killed an orc warlord
 16980 | Orc:1    | Received a gift from Trog
 17038 | D:11     | Reached skill level 10 in Dodging
 17101 | D:11     | Noticed Erolcha
 17110 | D:11     | Killed Erolcha
 17130 | D:11     | Received a gift from Trog
 17178 | D:11     | Found a basalt altar of Yredelemnul.
 17346 | D:11     | Noticed Nergalle
 17357 | D:11     | Killed Nergalle
 18310 | D:12     | Received a gift from Trog
 18785 | D:12     | Identified a scroll of acquirement
 18862 | D:13     | Noticed Azrael
 18967 | D:13     | Reached XP level 14. HP: 108/108 MP: 6/19
 19098 | D:13     | Killed Azrael
 19746 | D:14     | Paralysed by a hornet for 3 turns
 19817 | D:14     | Noticed Nessos
 19841 | D:14     | Killed Nessos
 19841 | D:14     | Reached skill level 10 in Throwing
 19887 | D:14     | Reached skill level 15 in Long Blades
 19948 | D:14     | Reached skill level 10 in Evocations
 20013 | D:14     | Found a gate to the Vaults.
 20352 | D:14     | Received a gift from Trog
 20477 | D:15     | Entered Level 15 of the Dungeon
 20652 | D:15     | Reached skill level 16 in Long Blades
 20863 | D:15     | Received a gift from Trog
 21063 | D:15     | Noticed Sonja
 21073 | D:15     | Killed Sonja
 21216 | D:15     | Reached skill level 17 in Long Blades
 21564 | D:15     | Received a gift from Trog
 21575 | D:15     | Found a staircase to the Depths.
 21892 | D:13     | Received a gift from Trog
 22067 | Snake:1  | Entered Level 1 of the Snake Pit
 22203 | Swamp:1  | Entered Level 1 of the Swamp
 22262 | Swamp:1  | Found a frozen archway.
 22271 | IceCv    | Entered an ice cave
 22422 | IceCv    | Reached XP level 15. HP: 61/113 MP: 21/21
 22693 | IceCv    | Reached skill level 18 in Long Blades
 22704 | IceCv    | Received a gift from Trog
 22721 | IceCv    | Mangled by an iron troll simulacrum

Skill      XL: |  1  2  3  4  5  6  7  8  9 10 11 12 13 14 15 |
---------------+----------------------------------------------+-----
Long Blades    | 4 5 7 8 9 11 13 14 17 18 | 18.0
Fighting       | 6 9 10 | 10.0
Armour         | 5 8 10 | 10.0
Shields        | 5 8 10 | 10.0
Evocations     | 4 7 9 10 | 10.0
Throwing       | 3 7 9 10 | 10.0
Dodging        | 4 8 10 | 10.0

Action                   |  1- 3 |  4- 6 |  7- 9 | 10-12 | 13-15 || total
-------------------------+-------+-------+-------+-------+-------++-------
Melee: Falchion          |    51 |       |       |       |       ||    51
       Headbutt          |    11 |    15 |    61 |   202 |   268 ||   557
       Long sword        |    15 |   140 |   336 |   942 |   420 ||  1853
       Unarmed           |       |     3 |       |       |       ||     3
       Rapier            |       |       |    31 |       |    73 ||   104
       Dire flail        |       |       |       |    12 |       ||    12
       Scimitar          |       |       |       |       |   576 ||   576
       Flail             |       |       |       |       |    18 ||    18
 Fire: Hunting sling     |       |    70 |    42 |     3 |       ||   115
Throw: Stone             |       |       |     4 |       |       ||     4
       Tomahawk          |       |       |     3 |    26 |    36 ||    65
Invok: Burn Spellbooks   |       |     1 |     2 |     2 |     1 ||     6
       Berserk           |       |       |     4 |     6 |     7 ||    17
       Trog's Hand       |       |       |     4 |     7 |    17 ||    28
       Brothers in Arms  |       |       |     1 |     7 |     2 ||    10
Evoke: Wand              |       |       |       |     2 |     8 ||    10
  Use: Scroll            |       |    12 |    10 |    11 |     8 ||    41
       Potion            |       |       |     3 |     3 |     2 ||     8
 Stab: Distracted        |       |       |       |     1 |       ||     1
       Paralysed         |       |       |       |       |    11 ||    11
  Eat: Chunk             |       |     7 |    11 |    28 |    32 ||    78
       Fruit             |       |       |     1 |     2 |     6 ||     9
       Meat ration       |       |       |     1 |     1 |       ||     2
       Bread ration      |       |       |       |     1 |       ||     1
       Royal jelly       |       |       |       |       |     1 ||     1
Armor: Animal skin       |     3 |       |       |       |       ||     3
       Ring mail         |    20 |    23 |       |       |       ||    43
       Chain mail        |       |    33 |   127 |       |    73 ||   233
       Plate armour      |       |       |    24 |   396 |    89 ||   509
       Crystal plate arm |       |       |       |       |   287 ||   287
Dodge: Dodged            |    43 |    64 |    99 |   224 |   216 ||   646
Block: Buckler           |       |       |    28 |    10 |       ||    38
       Shield            |       |       |       |   525 |   776 ||  1301
       Reflection        |       |       |       |     7 |    51 ||    58
       Other             |       |       |       |     1 |       ||     1
       Rpst.: Falchion   |     8 |       |       |       |       ||     8
       Long sword        |     4 |    19 |    30 |    49 |    18 ||   120
       Scimitar          |       |       |       |       |    19 ||    19
